 Dungeon Crawl Stone Soup version 0.29-a0-296-gda187f2e07 (webtiles) character file.

Game seed: 8158715178396825530

42 sanka the Chopper (level 3, 0/35 HPs)
             Began as a Gnoll Cinder Acolyte on Mar 19, 2022.
             Was a High Priest of Ignis.
             Killed from afar by Sigmund (2 damage)
             ... with a puff of flame
             ... on level 2 of the Dungeon.
             The game lasted 00:02:32 (2071 turns).

sanka the Chopper (Gnoll Cinder Acolyte)            Turns: 2071, Time: 00:02:33

Health: 0/35       AC:  3    Str: 19    XL:     3   Next: 54%
Magic:  3/7        EV: 11    Int: 13    God:    Ignis [*****.]
Gold:   23         SH:  3    Dex:  9    Spells: 5/7 levels left

rFire   + . .      SeeInvis .   d - +2 dagger (venom)
rCold   . . .      Faith    .   l - +0 buckler
rNeg    . . .      Spirit   .   b - +0 robe
rPois   .          Reflect  .   (no helmet)
rElec   .          Harm     .   f - +0 cloak
rCorr   .          Rampage  .   (no gloves)
Will    .....                   (no boots)
Stlth   +.........              (no amulet)
HPRegen 0.11/turn               (no ring)
MPRegen 0.10/turn               o - +6 ring of strength

@: no status effects
A: fangs 1, strong nose, distributed training
a: Renounce Religion, Fiery Armour, Foxfire Swarm, Rising Flame


You were on level 2 of the Dungeon.
You worshipped Ignis.
Ignis was extremely pleased with you.
You visited 1 branch of the dungeon, and saw 2 of its levels.

You collected 23 gold pieces.


Innate Abilities, Weirdness & Mutations

You have very sharp teeth.
Your uncanny sense of smell can sniff out nearby items.
Your experience applies equally to all skills.


   Skills:
 + Level 6.5 Fighting
 + Level 0.8 Short Blades
 + Level 0.8 Long Blades
 + Level 6.5 Axes
 + Level 0.8 Maces & Flails
 + Level 0.8 Polearms
 + Level 0.8 Staves
 + Level 0.8 Slings
 + Level 0.8 Bows
 + Level 0.8 Crossbows
 + Level 0.8 Throwing
 + Level 0.8 Armour
 + Level 0.8 Dodging
 + Level 0.8 Stealth
 + Level 0.8 Shields
 + Level 0.8 Unarmed Combat
 + Level 2.8 Spellcasting
 + Level 0.5 Conjurations
 + Level 0.5 Hexes
 + Level 0.5 Summonings
 + Level 0.5 Necromancy
 + Level 0.5 Translocations
 + Level 0.5 Transmutations
 + Level 5.4 Fire Magic
 + Level 0.5 Ice Magic
 + Level 0.5 Air Magic
 + Level 0.5 Earth Magic
 + Level 0.5 Poison Magic
 + Level 1.0 Invocations
 + Level 0.8 Evocations


You had 5 spell levels left.
You knew the following spells:

 Your Spells              Type           Power      Damage    Failure   Level
y - Scorch                Fire           30%        2d7       5%          2

Your spell library contained the following spells:

 Spells                   Type           Power      Damage    Failure   Level
 Magic Dart               Conj           12%        1d3       26%         1
 Call Imp                 Summ           3%         N/A       36%         2
 Frozen Ramparts          Ice            6%         1d2       58%         3
 Mephitic Cloud           Conj/Pois/Air  3%         N/A       58%         3
 Ice Form                 Ice/Tmut       3%         N/A       94%         4
 Summon Ice Beast         Ice/Summ       3%         N/A       94%         4

Inventory:

Hand Weapons
 a - a -1 hand axe of flaming
 d - a +2 dagger of venom (weapon)
Missiles
 j - 3 poisoned darts
 k - 3 javelins
Armour
 b - a +0 robe (worn)
 f - a +0 cloak (worn)
 l - a +0 buckler (worn)
Jewellery
 o - a +6 ring of strength (right hand)
Scrolls
 c - a scroll of teleportation {unknown}
 e - a scroll of vulnerability {unknown}
 g - 5 scrolls of identify {unknown}
 i - a scroll of holy word {unknown}
 m - 2 scrolls of fog {unknown}
 n - a scroll of fear {unknown}
Potions
 h - a potion of brilliance {unknown}

Dungeon Overview and Level Annotations

Branches:
Dungeon (2/15)

Altars:

Annotations:
D:2 Sigmund

▒▒▒▒.▒▒.▒▒▒J▒▒.▒▒▒▒▒▒▒▒▒▒...▒
▒ .... ▒†▒ ..........▒ ▒▒▒.▒
▒.▒▒▒▒▒ ▒▒▒▒▒▒....▒ ▒.▒
▒.....▒ ▒..▒.▒▒ ▒.▒ ▒▒▒▒▒.▒
▒.....▒ ▒.▒ ▒.▒ ▒▒▒.▒.▒ ▒.
▒.▒ ▒...▒ ▒{▒ ▒▒..▒ ▒g▒ ▒..▒▒
▒.▒ ▒▒..▒ ▒▒▒▒▒▒▒▒'▒▒▒▒▒ ▒..▒
▒............▒ ▒..▒
▒............▒ ▒▒.▒▒
▒............▒ ▒..▒
▒.........)..▒ ▒..▒
▒............▒ ▒▒..
▒............▒ ▒..


There were no monsters in sight!


Message History

The quokka misses you. The quokka attacks as you move away!
The quokka bites you.
You feel a bit more experienced.
The quokka bites you but does no damage.
The quokka attacks as you move away! The quokka bites you.
The quokka attacks as you move away! The quokka closely misses you.
The quokka barely misses you. The quokka attacks as you move away!
The quokka bites you.
* * * LOW HITPOINT WARNING * * *
Flames lash something.
The quokka bites you.
* * * LOW HITPOINT WARNING * * *
Flames lash the quokka.
You kill the quokka!
Something hits you.
* * * LOW HITPOINT WARNING * * *
Something hits you.
* * * LOW HITPOINT WARNING * * *
You see here a quokka corpse.
You hit something. You hit something.
You hear some strange, mumbled words.
A puff of flame appears from out of thin air!
The puff of flame hits you. You resist.
You die...

Action                   || total
-------------------------++-------
Melee: Hand axe          ||    10
       Dagger            ||    93
       Bite              ||     6
 Cast: Scorch            ||     6
Armor: Robe              ||    37
Dodge: Dodged            ||    65
Block: Buckler           ||     4

Levels and vault maps discovered:
D:1:      scummos_arrival_gate, layout_basic, serial_rivers,
          chequers_serial_rivers_room_b, chequers_serial_rivers_micro_a,
          chequers_serial_rivers_small_3, chequers_serial_rivers_micro_c,
          chequers_serial_rivers_large_a
D:2:      layout_basic, ebering_ecumenical_altar_petrified, minmay_tripent,
          uniq_sigmund, uniq_natasha

Notes
Turn   | Place    | Note
-------+----------+-------------------------------------------
     0 | D:1      | sanka the Gnoll Cinder Acolyte began the quest for the Orb.
     0 | D:1      | Reached XP level 1. HP: 23/23 MP: 4/4
   127 | D:1      | HP: 2/23 [poisoned by a goblin]
   536 | D:1      | Reached XP level 2. HP: 25/29 MP: 5/5
   575 | D:1      | Learned a level 2 spell: Scorch
  1321 | D:1      | Reached XP level 3. HP: 28/35 MP: 7/7
  2033 | D:2      | Reached skill level 1 in Invocations
  2047 | D:2      | Noticed Sigmund
  2069 | D:2      | HP: 2/35 [something (6)]
  2071 | D:2      | Killed from afar by Sigmund

Vanquished Creatures
  A worm (D:2)
  3 ball pythons (D:1)
  3 endoplasms
  A giant cockroach (D:1)
  6 goblins
  2 hobgoblins (D:1)
  3 quokkas
  6 bats
  3 frilled lizards
  4 kobolds
  A rat (D:1)
33 creatures vanquished.
